AoeStats
← ITZ | AutocavS

Arabia

508315040Analyzed
1v1 RM · 12d ago on Sep 21, 2026· 49m 5s· 2 players
Game mode
Random Map
Map size
Tiny (2 player)
Population
200
Speed
Normal
Resources
Standard
Victory
Conquest
Starting age
Dark Age
Ending age
Imperial Age
RankedLock teamsTeams togetherTeam positionsShared explorationLock speedFull tech treeHidden civsTurbo modeCheats
Victory
Defeat
🇦🇷 Magyars · Argentina
1378
+13
🇦🇷 Teutons · Argentina
1320
-13
maxpower17
6:49 Loom
9:15 Feudal Age
10:05 Double-Bit Axe
10:30 Double-Bit Axe
11:28 Horse Collar
14:46 Forging
14:30 Fletching
22:53 Castle Age
21:37 Scale Barding Armor
22:34 Bloodlines
22:35 Forging
23:03 Crossbowman
25:33 Chain Barding Armor
25:42 Bow Saw
28:10 Iron Casting
35:33 Wheelbarrow
37:57 Town Watch
43:24 Imperial Age
42:18 Sanctity
43:26 Ironclad
43:54 Onager
44:08 Cavalier
47:29 Plate Barding Armor
ITZ | AutocavS
6:11 Loom
9:10 Feudal Age
10:23 Double-Bit Axe
13:41 Horse Collar
20:56 Castle Age
19:14 Gold Mining
19:27 Fletching
19:37 Padded Archer Armor
21:18 Bloodlines
21:36 Bodkin Arrow
21:48 Husbandry
22:48 Bow Saw
23:31 Gold Shaft Mining
26:55 Wheelbarrow
27:46 Ballistics
36:44 Imperial Age
36:09 Hand Cart
35:39 Town Watch
36:27 Thumb Ring
37:11 Leather Archer Armor
37:02 Stone Mining
36:49 Heavy Cavalry Archer
37:58 Parthian Tactics
37:41 Bracer
38:58 Two-Man Saw
40:54 Ring Archer Armor
41:27 Chemistry
43:07 Light Cavalry
43:55 Scale Barding Armor
44:59 Chain Barding Armor
44:09 Hussar
47:15 Conscription
48:54 Recurve Bow
Connection lost

Rejoining the realm…

Still unreachable

The connection could not be restored.

Session expired

The server has moved on; the page needs a fresh start.